% Time on Ice - CALGARY FIREMEN
Lines # - Real PCT - Wanted PCT - Time Play
Normal Forward
1 - 33% - 36% - 13:44
2 - 29% - 31% - 12:08
3 - 25% - 23% - 10:23
4 - 14% - 10% - 5:49
Normal Defense
1 - 36% - 36% - 15:11
2 - 32% - 31% - 13:22
3 - 30% - 23% - 12:44
4 - 2% - 10% - 0:47
PP Forward
1 - 54% - 55% - 6:29
2 - 46% - 45% - 5:25
PP Defense
1 - 51% - 55% - 6:06
2 - 49% - 45% - 5:48
PK Forward
1 - 63% - 55% - 3:46
2 - 37% - 45% - 2:11
PK Defense
1 - 54% - 55% - 3:13
2 - 46% - 45% - 2:44
PK3 Forward
1 - 0% - 55%
2 - 0% - 45%
PK3 Defense
1 - 0% - 55%
2 - 0% - 45%
44 Forward
1 - 0% - 55%
2 - 0% - 45%
44 Defense
1 - 0% - 55%
2 - 0% - 45%
Last Minute Offensive  - 0:00
Last Minute Defensive  - 0:05
Total
Forward - 60:00
Defense - 60:00
% Time on Ice - KANSAS CITY KILLERBEES
Lines # - Real PCT - Wanted PCT - Time Play
Normal Forward
1 - 34% - 36% - 14:24
2 - 28% - 31% - 11:38
3 - 23% - 23% - 9:45
4 - 14% - 10% - 5:58
Normal Defense
1 - 37% - 36% - 15:35
2 - 35% - 34% - 14:48
3 - 27% - 22% - 11:22
4 - 0% - 8% - 0:00
PP Forward
1 - 51% - 55% - 3:02
2 - 49% - 45% - 2:55
PP Defense
1 - 49% - 55% - 2:55
2 - 51% - 45% - 3:02
PK Forward
1 - 56% - 55% - 6:43
2 - 44% - 45% - 5:11
PK Defense
1 - 59% - 55% - 6:59
2 - 41% - 45% - 4:55
PK3 Forward
1 - 0% - 55%
2 - 0% - 45%
PK3 Defense
1 - 0% - 55%
2 - 0% - 45%
44 Forward
1 - 0% - 55%
2 - 0% - 45%
44 Defense
1 - 0% - 55%
2 - 0% - 45%
Last Minute Offensive  - 0:24
Last Minute Defensive  - 0:00
Total
Forward - 60:00
Defense - 60:00
Play-by-Play 1st period 0:01 of 1st period - Filip Forsberg wins face-off versus James van Riemsdyk in neutral zone. 0:03 of 1st period - Jakob Silfverberg is hit by Mattias Ekholm and loses puck. 0:29 of 1st period - Minor Penalty to Jamie Oleksiak for Roughing. 0:30 of 1st period - Filip Forsberg wins face-off versus Jakub Voracek in CALGARY FIREMEN zone. 1:06 of 1st period - Off-side. 1:07 of 1st period - Boone Jenner wins face-off versus Ryan Johansen in neutral zone. 1:37 of 1st period - Boone Jenner is hit by Jake McCabe and loses puck. 2:41 of 1st period - Yakov Trenin is hit by Daniel Walcott and loses puck. 3:18 of 1st period - Icing by Riley Stillman. 3:19 of 1st period - Ryan Johansen wins face-off versus Jaret Anderson-Dolan in KANSAS CITY KILLERBEES zone. 3:25 of 1st period - Mason Marchment is hit by Daniel Walcott and loses puck. 3:26 of 1st period - Minor Penalty to Riley Stillman for Roughing. 3:27 of 1st period - Boone Jenner wins face-off versus Filip Forsberg in KANSAS CITY KILLERBEES zone. 5:01 of 1st period - Shot by Boone Jenner. 5:01 of 1st period - Stopped by Alex Nedeljkovic without a rebound. 5:02 of 1st period - James van Riemsdyk wins face-off versus Ryan Johansen in CALGARY FIREMEN zone. 5:03 of 1st period - Shot by Nicholas Paul. 5:03 of 1st period - Goal by Nicholas Paul - CALGARY FIREMEN : 0 - KANSAS CITY KILLERBEES : 1. 5:04 of 1st period - Ryan Johansen wins face-off versus James van Riemsdyk in neutral zone. 5:42 of 1st period - Shot by Yakov Trenin. 5:42 of 1st period - Stopped by Ilya Samsonov without a rebound. 5:43 of 1st period - Brett Howden wins face-off versus Tyler Johnson in KANSAS CITY KILLERBEES zone. 6:10 of 1st period - Shot by Brett Howden. 6:10 of 1st period - Goal by Brett Howden - CALGARY FIREMEN : 1 - KANSAS CITY KILLERBEES : 1. 6:11 of 1st period - Boone Jenner wins face-off versus Ryan Johansen in neutral zone. 6:31 of 1st period - Ryan Johansen is hit by K'Andre Miller and loses puck. 6:39 of 1st period - Shot by Ryan Johansen. 6:39 of 1st period - Stopped by Ilya Samsonov without a rebound. 6:40 of 1st period - Yakov Trenin wins face-off versus Tyler Johnson in KANSAS CITY KILLERBEES zone. 7:13 of 1st period - Shot by Sonny Milano. 7:13 of 1st period - Deflect By Yakov Trenin. 7:13 of 1st period - Stopped by Ilya Samsonov with a rebound. 7:15 of 1st period - Shot by Yakov Trenin. 7:15 of 1st period - Deflect By Sonny Milano. 7:15 of 1st period - Shot Blocked by Sean Walker. 7:45 of 1st period - Shot by Mattias Janmark-Nylen. 7:45 of 1st period - Shot Blocked by Sean Walker. 7:47 of 1st period - Shot by Jakob Silfverberg. 7:47 of 1st period - Stopped by Ilya Samsonov without a rebound. 7:48 of 1st period - Boone Jenner wins face-off versus Ryan Johansen in KANSAS CITY KILLERBEES zone. 7:50 of 1st period - Minor Penalty to Ryan Johansen for Holding. 7:51 of 1st period - Boone Jenner wins face-off versus Filip Forsberg in CALGARY FIREMEN zone. 7:54 of 1st period - Shot by K'Andre Miller. 7:54 of 1st period - Stopped by Alex Nedeljkovic without a rebound. 7:55 of 1st period - Filip Forsberg wins face-off versus Jakub Voracek in CALGARY FIREMEN zone. 8:04 of 1st period - Shot by K'Andre Miller. 8:04 of 1st period - Stopped by Alex Nedeljkovic without a rebound. 8:05 of 1st period - Boone Jenner wins face-off versus Filip Forsberg in CALGARY FIREMEN zone. 8:06 of 1st period - Shot by K'Andre Miller. 8:06 of 1st period - Stopped by Alex Nedeljkovic without a rebound. 8:07 of 1st period - Boone Jenner wins face-off versus Filip Forsberg in CALGARY FIREMEN zone. 9:21 of 1st period - Shot by Philipp Kurashev. 9:21 of 1st period - Shot Misses the Net. 9:23 of 1st period - Shot by Jakub Voracek. 9:23 of 1st period - Shot Misses the Net. 9:52 of 1st period - Icing by Boone Jenner. 9:53 of 1st period - Liam Foudy wins face-off versus Nicolas Aube-Kubel in KANSAS CITY KILLERBEES zone. 10:04 of 1st period - Minor Penalty to Riley Stillman for Tripping. 10:05 of 1st period - Boone Jenner wins face-off versus Ryan Johansen in KANSAS CITY KILLERBEES zone. 10:44 of 1st period - Shot by Olli Maatta. 10:44 of 1st period - Deflect By Ryan Johansen. 10:44 of 1st period - Shot Misses the Net. 10:46 of 1st period - Shot by Olli Maatta. 10:46 of 1st period - Shot Misses the Net. 11:30 of 1st period - Shot by Filip Forsberg. 11:30 of 1st period - Stopped by Ilya Samsonov without a rebound. 11:31 of 1st period - Ryan Johansen wins face-off versus James van Riemsdyk in KANSAS CITY KILLERBEES zone. 11:34 of 1st period - Shot by Ryan Johansen. 11:34 of 1st period - Shot Misses the Net. 11:36 of 1st period - Shot by Olli Maatta. 11:36 of 1st period - Shot Misses the Net. 11:38 of 1st period - Shot by Mason Marchment. 11:38 of 1st period - Stopped by Ilya Samsonov without a rebound. 11:39 of 1st period - James van Riemsdyk wins face-off versus Filip Forsberg in KANSAS CITY KILLERBEES zone. 11:56 of 1st period - Shot by Jakob Silfverberg. 11:56 of 1st period - Stopped by Ilya Samsonov without a rebound. 11:57 of 1st period - Ryan Johansen wins face-off versus James van Riemsdyk in KANSAS CITY KILLERBEES zone. 11:58 of 1st period - Shot by Mason Marchment. 11:58 of 1st period - Shot Misses the Net. 12:00 of 1st period - Shot by Jamie Oleksiak. 12:00 of 1st period - Stopped by Ilya Samsonov without a rebound. 12:01 of 1st period - Ryan Johansen wins face-off versus Boone Jenner in KANSAS CITY KILLERBEES zone. 12:07 of 1st period - Minor Penalty to Riley Stillman for Roughing. 12:08 of 1st period - Ryan Johansen wins face-off versus Boone Jenner in KANSAS CITY KILLERBEES zone. 12:35 of 1st period - Shot by Mason Marchment. 12:35 of 1st period - Stopped by Ilya Samsonov without a rebound. 12:36 of 1st period - Boone Jenner wins face-off versus Filip Forsberg in KANSAS CITY KILLERBEES zone. 13:38 of 1st period - Shot by Ryan Johansen. 13:38 of 1st period - Stopped by Ilya Samsonov without a rebound. 13:39 of 1st period - Ryan Johansen wins face-off versus Boone Jenner in KANSAS CITY KILLERBEES zone. 14:02 of 1st period - Shot by Mason Marchment. 14:02 of 1st period - Shot Blocked by K'Andre Miller. 14:04 of 1st period - Shot by Jamie Oleksiak. 14:04 of 1st period - Stopped by Ilya Samsonov without a rebound. 14:05 of 1st period - Filip Forsberg wins face-off versus James van Riemsdyk in KANSAS CITY KILLERBEES zone. 14:23 of 1st period - Icing by Jordan Oesterle. 14:24 of 1st period - Yakov Trenin wins face-off versus Tyler Johnson in CALGARY FIREMEN zone. 14:24 of 1st period - Yakov Trenin is hit by Nicholas Paul. 14:39 of 1st period - Shot by Sonny Milano. 14:39 of 1st period - Stopped by Ilya Samsonov with a rebound. 14:43 of 1st period - Shot by Liam Foudy. 14:43 of 1st period - Shot Blocked by Jacob Muzzin. 14:45 of 1st period - Shot by Yakov Trenin. 14:45 of 1st period - Shot Misses the Net. 14:53 of 1st period - Shot by Sonny Milano. 14:53 of 1st period - Deflect By Yakov Trenin. 14:53 of 1st period - Shot Misses the Net. 15:30 of 1st period - Shot by Filip Forsberg. 15:30 of 1st period - Shot Misses the Net. 15:34 of 1st period - Shot by Jakob Silfverberg. 15:34 of 1st period - Shot Misses the Net. 15:36 of 1st period - Shot by Jamie Oleksiak. 15:36 of 1st period - Stopped by Ilya Samsonov without a rebound. 15:37 of 1st period - Ryan Johansen wins face-off versus Boone Jenner in KANSAS CITY KILLERBEES zone. 16:05 of 1st period - Shot by James van Riemsdyk. 16:05 of 1st period - Stopped by Alex Nedeljkovic with a rebound. 16:07 of 1st period - Shot by Mattias Ekholm. 16:07 of 1st period - Shot Misses the Net. 16:09 of 1st period - Shot by James van Riemsdyk. 16:09 of 1st period - Shot Blocked by Olli Maatta. 16:37 of 1st period - Shot by Fabian Zetterlund. 16:37 of 1st period - Stopped by Ilya Samsonov without a rebound. 16:38 of 1st period - Morgan Barron wins face-off versus Filip Forsberg in KANSAS CITY KILLERBEES zone. 16:47 of 1st period - Shot by Morgan Barron. 16:47 of 1st period - Shot Misses the Net. 17:09 of 1st period - Shot by Filip Forsberg. 17:09 of 1st period - Deflect By Jakob Silfverberg. 17:09 of 1st period - Shot Misses the Net. 17:19 of 1st period - Shot by Filip Forsberg. 17:19 of 1st period - Shot Misses the Net. 17:21 of 1st period - Shot by Jake McCabe. 17:21 of 1st period - Goal by Jake McCabe - CALGARY FIREMEN : 2 - KANSAS CITY KILLERBEES : 1. 17:22 of 1st period - Tyler Johnson wins face-off versus Yakov Trenin in neutral zone. 17:33 of 1st period - Shot by Nicholas Paul. 17:33 of 1st period - Stopped by Alex Nedeljkovic without a rebound. 17:34 of 1st period - Jaret Anderson-Dolan wins face-off versus Michael McCarron in CALGARY FIREMEN zone. 17:45 of 1st period - Olli Maatta is hit by K'Andre Miller and loses puck. 17:51 of 1st period - Fabian Zetterlund is hit by K'Andre Miller and loses puck. 17:55 of 1st period - Fabian Zetterlund is hit by K'Andre Miller. 18:24 of 1st period - Mattias Ekholm is hit by Jamie Oleksiak and loses puck. 18:33 of 1st period - Shot by Mason Marchment. 18:33 of 1st period - Stopped by Ilya Samsonov without a rebound. 18:34 of 1st period - Boone Jenner wins face-off versus Filip Forsberg in KANSAS CITY KILLERBEES zone. 18:57 of 1st period - Shot by Filip Forsberg. 18:57 of 1st period - Shot Blocked by Philipp Kurashev. 18:59 of 1st period - Shot by Mattias Janmark-Nylen. 18:59 of 1st period - Stopped by Ilya Samsonov without a rebound. 19:00 of 1st period - Ryan Johansen wins face-off versus Morgan Barron in KANSAS CITY KILLERBEES zone. Goals for this period are 2 for CALGARY FIREMEN vs 1 for KANSAS CITY KILLERBEES. Shots for this period are 18 for CALGARY FIREMEN vs 7 for KANSAS CITY KILLERBEES. 2nd period 0:01 of 2nd period - Boone Jenner wins face-off versus Filip Forsberg in neutral zone. 0:07 of 2nd period - Boone Jenner is hit by Jamie Oleksiak and loses puck. 0:30 of 2nd period - Shot by Boone Jenner. 0:30 of 2nd period - Stopped by Alex Nedeljkovic without a rebound. 0:31 of 2nd period - Ryan Johansen wins face-off versus Tyler Johnson in CALGARY FIREMEN zone. 0:40 of 2nd period - Shot by Mason Marchment. 0:40 of 2nd period - Stopped by Ilya Samsonov without a rebound. 0:41 of 2nd period - Yakov Trenin wins face-off versus Zach Aston-Reese in KANSAS CITY KILLERBEES zone. 1:16 of 2nd period - Shot by Yakov Trenin. 1:16 of 2nd period - Stopped by Ilya Samsonov without a rebound. 1:17 of 2nd period - Boone Jenner wins face-off versus Filip Forsberg in KANSAS CITY KILLERBEES zone. 1:17 of 2nd period - Boone Jenner is hit by Jakob Silfverberg. 1:22 of 2nd period - Off-side. 1:23 of 2nd period - Boone Jenner wins face-off versus Filip Forsberg in neutral zone. 1:52 of 2nd period - Shot by Boone Jenner. 1:52 of 2nd period - Deflect By James van Riemsdyk. 1:52 of 2nd period - Stopped by Alex Nedeljkovic without a rebound. 1:53 of 2nd period - Ryan Johansen wins face-off versus Tyler Johnson in CALGARY FIREMEN zone. 1:55 of 2nd period - Mason Marchment is hit by Alexis Lafreniere and loses puck. 2:08 of 2nd period - Tyler Johnson is hit by Oskar Lindblom and loses puck. 2:53 of 2nd period - Shot by Philipp Kurashev. 2:53 of 2nd period - Deflect By James van Riemsdyk. 2:53 of 2nd period - Stopped by Alex Nedeljkovic without a rebound. 2:54 of 2nd period - Filip Forsberg wins face-off versus Boone Jenner in CALGARY FIREMEN zone. 2:56 of 2nd period - Icing by Jakob Silfverberg. 2:57 of 2nd period - Bo